 Dungeon Crawl Stone Soup version 0.26.1-11-gd32895ea62 (webtiles) character file.

Game seed: 8110056311818615367

3183 jlumianski the Summoner (level 9, -1/39 HPs)
             Began as a Felid Summoner on May 21, 2021.
             Was a Priest of Makhleb.
             Slain by a troll (18 damage)
             ... on level 9 of the Dungeon on May 22, 2021.
             The game lasted 02:17:48 (19173 turns).

jlumianski the Summoner (Felid Summoner)           Turns: 19173, Time: 02:17:49

Health: -1/39      AC:  2    Str:  5    XL:     9   Next: 64%
Magic:  15/20      EV: 25    Int: 18    God:    Makhleb [***...]
Gold:   458        SH:  0    Dex: 17    Spells: 12/22 levels left
                                        Lives:  0   Deaths: 2

rFire    . . .     SeeInvis +     - Unarmed
rCold    . . .     Faith    .   (shield unavailable)
rNeg     + . .     Spirit   .   (armour unavailable)
rPois    .         Reflect  .   (helmet unavailable)
rElec    .         Harm     .   (cloak unavailable)
rCorr    .         Rampage  .   (gloves unavailable)
Will     +....                  (boots unavailable)
Stlth    +++.......             (no amulet)
HPRegen  0.13/turn              A - +4 ring of evasion
MPRegen  0.17/turn              q - ring of positive energy

@: berserk cooldown, slowed, slow
A: very small, no armour, no weapons or thrown items, stealth, claws 1, fangs 3,
see invisible, speed 1, mutation resistance 1, shaggy fur 2, sharp paws
a: Renounce Religion, Minor Destruction, Lesser Servant of Makhleb


You were on level 9 of the Dungeon.
You worshipped Makhleb.
Makhleb was most pleased with you.
You visited 2 branches of the dungeon, and saw 11 of its levels.

You collected 776 gold pieces.
You spent 318 gold pieces at shops.

Inventory:

Jewellery
 a - an uncursed amulet of guardian spirit
 p - an uncursed ring of resist corrosion
 q - a ring of positive energy (right paw)
 u - an uncursed ring of fire
 A - a +4 ring of evasion (left paw)
 C - an uncursed ring of fire
 D - a cursed ring of teleportation {unknown}
Wands
 h - a wand of digging (4)
 l - a wand of disintegration (9)
 n - a wand of paralysis (25)
 s - a wand of enslavement (9)
 t - a wand of acid (5)
 v - a wand of flame (16)
 E - a wand of polymorph (5)
Scrolls
 b - 6 scrolls of remove curse
 d - 2 scrolls of blinking
 f - 6 scrolls of identify
 j - 3 scrolls of immolation
 k - 3 scrolls of fog
 o - 5 scrolls of teleportation
 y - 3 scrolls of magic mapping
 z - a scroll of amnesia
 B - a scroll of fear {unknown}
 G - a scroll of noise {unknown}
Potions
 c - 6 potions of might
 e - 9 potions of curing
 g - 2 potions of haste
 i - 3 potions of flight
 m - 4 potions of lignification
 r - 2 potions of heal wounds
 w - 2 potions of magic
 x - a potion of invisibility


   Skills:
 * Level 4.4 Fighting
 * Level 5.7 Dodging
 + Level 4.2 Stealth
 * Level 5.3 Unarmed Combat
 + Level 7.0 Spellcasting
 * Level 5.2 Hexes
 + Level 8.1 Summonings
 * Level 4.6 Invocations
 * Level 4.3 Evocations


You had 12 spell levels left.
You knew the following spells:

 Your Spells              Type           Power        Failure   Level
a - Summon Small Mammal   Summ           100%         1%          1
b - Call Imp              Summ           35%          1%          2
c - Call Canine Familiar  Summ           35%          1%          3
d - Summon Guardian Gole  Hex/Summ       30%          1%          3
e - Corona                Hex            27%          1%          1

Your spell library contained the following spells:

 Spells                   Type           Power        Failure   Level
 Animate Skeleton         Necr           12%          11%         1
 Apportation              Tloc           12%          11%         1
 Magic Dart               Conj           24%          11%         1
 Dazzling Flash           Conj/Hex       30%          11%         3
 Searing Ray              Conj           12%          16%         2
 Summon Ice Beast         Ice/Summ       20%          21%         4
 Summon Lightning Spire   Summ/Air       20%          21%         4
 Fulminant Prism          Conj/Hex       7%           36%         4
 Iskenderun's Mystic Bla  Conj/Tloc      6%           71%         4


Dungeon Overview and Level Annotations

Branches:
Dungeon (10/15)            Temple (1/1) D:4            Lair (0/6) D:10
    Orc: D:9-12

Altars:
Cheibriados
Dithmenos
Elyvilon
Fedhas
Gozag
Kikubaaqudgha
Makhleb
Nemelex Xobeh
Okawaru
Sif Muna
Wu Jian
Xom
Yredelemnul
Zin

Shops:
D:6 :((!?   D:8 [

Annotations:
D:7 Gaza's ghost, novice TrBe


Innate Abilities, Weirdness & Mutations

You cannot wear armour.
You are incapable of wielding weapons or throwing items.
Your paws allow you to move quietly. (Stealth)
You have sharp claws.
You have razor-sharp teeth.
You have supernaturally acute eyesight. (SInv)
You cover ground quickly.
You are covered in thick fur. (AC +2)
Your sharp claws are effective at attacking unaware monsters.
You are somewhat resistant to further mutation.


Message History

Your crimson imp blinks!
Casting: Call Imp (safe; 1% risk of failure)
Confirm with . or Enter, or press ? or * to list all spells.
The troll completely misses you. The troll misses you.
The troll completely misses you.
You swap places.
Your crimson imp hits the troll.
The troll barely misses your crimson imp.
The troll claws your crimson imp!
The troll claws your crimson imp but does no damage.
You swap places.
Your crimson imp blinks!
Your quokka bites the troll.
The troll bites your quokka!
Your quokka dies!
Your quokka's corpse disappears in a puff of smoke!
There is a stone staircase leading up here.
The troll bites you. The troll closely misses you. The troll claws you!
You climb upwards.
There is a stone staircase leading down here.
The troll bites you!!
You die...

####.....#...#...#..
###.......##...#5.....
###.....................
#................####...
#####......####..####...
#......# ##........
#......# ######...
#......# #... #..@T..#
#... #..>...# ####
#......# ########


You could see a troll.

Vanquished Creatures
  A two-headed ogre (D:10)
  A centaur zombie (D:7)
  2 yaks
  2 orc warriors
  2 sky beasts
  A centaur (D:10)
  A bullfrog (D:7)
  A scorpion (D:7)
  A wight (D:8)
  2 howler monkeys
  A hound (D:7)
  A gnoll shaman (D:6)
  An orc wizard (D:7)
  2 worker ants
  A gnoll (D:5)
  A howler monkey zombie (D:8)
  2 adders
  An ufetubus (D:7)
  A dart slug (D:2)
  2 orcs
  2 bats
  A hobgoblin (D:1)
  A jackal (D:7)
  3 kobolds
  A frilled lizard (D:2)
  A rat (D:2)
36 creatures vanquished.

Vanquished Creatures (collateral kills)
  9 yaks
  Edmund (D:4)
  An orc warrior (D:5)
  A phantom (D:6)
  5 ogres
  A centaur (D:10)
  A big kobold (D:9)
  2 bullfrogs
  5 scorpions
  A wyvern skeleton (D:9)
  A water moccasin skeleton (D:7)
  6 wights (D:8)
  A howler monkey (D:8)
  A centaur zombie (D:8)
  3 hounds
  A quasit (D:10)
  3 orc priests
  5 orc wizards
  Ijyb (D:3)
  2 iguanas
  Jessica (D:3)
  6 worker ants
  2 hound zombies
  2 hound skeletons
  A howler monkey skeleton (D:7)
  10 gnolls
  7 adders
  3 shadow imps
  3 oozes
  An adder skeleton (D:4)
  An adder zombie (D:9)
  2 worms (D:2)
  2 dart slugs (D:1)
  5 leopard geckos
  31 orcs
  7 bats
  3 giant cockroaches (D:2)
  11 goblins
  4 hobgoblins
  7 jackals
  3 quokkas
  5 frilled lizards
  9 kobolds
  A leopard gecko skeleton (D:4)
  A quokka skeleton (D:7)
  9 rats
188 creatures vanquished.

Vanquished Creatures (others)
  A two-headed ogre (D:10)
  A hornet (D:7)
  9 yaks
  3 orc warriors
  2 wights (D:8)
  A howler monkey (D:7)
  7 plants (D:10)
24 creatures vanquished.

Grand Total: 248 creatures vanquished

Notes
Turn   | Place    | Note
-------+----------+-------------------------------------------
     0 | D:1      | jlumianski the Felid Summoner began the quest for the Orb.
     0 | D:1      | Reached XP level 1. HP: 7/7 MP: 4/4
   395 | D:1      | Reached XP level 2. HP: 11/11 MP: 6/6
   407 | D:1      | Learned a level 2 spell: Call Imp
  1641 | D:2      | You fall into a shaft and drop 2 floors!
  1715 | D:4      | Noticed Edmund
  1813 | D:4      | Noticed a scorpion
  1815 | D:3      | Noticed Ijyb
  1815 | D:3      | Noticed Jessica
  1835 | D:4      | Killed a scorpion
  1836 | D:4      | Reached XP level 3. HP: 14/14 MP: 0/8
  1840 | D:4      | Learned a level 3 spell: Call Canine Familiar
  2082 | D:4      | Reached skill level 5 in Summonings
  2082 | D:4      | Reached XP level 4. HP: 18/18 MP: 4/9
  2158 | D:4      | Noticed an ogre
  2168 | D:4      | Killed an ogre
  2194 | D:4      | Gained mutation: Your magical capacity is low. (-10% MP)
                  | [potion of mutation]
  2194 | D:4      | Gained mutation: You have a pair of small horns on your
                  | head. [potion of mutation]
  2194 | D:4      | Gained mutation: Your body sometimes deteriorates upon
                  | taking damage. [potion of mutation]
  2194 | D:4      | Gained mutation: You are partially covered in molten
                  | scales. (AC +2) [potion of mutation]
  2203 | D:4      | Lost mutation: You are partially covered in molten scales.
                  | (AC +2) [potion of mutation]
  2203 | D:4      | Lost mutation: You have a pair of small horns on your head.
                  | [potion of mutation]
  2203 | D:4      | Lost mutation: Your body sometimes deteriorates upon taking
                  | damage. [potion of mutation]
  2203 | D:4      | Lost mutation: Your magical capacity is low. (-10% MP)
                  | [potion of mutation]
  2203 | D:4      | Gained mutation: You are somewhat resistant to further
                  | mutation. [potion of mutation]
  2250 | D:4      | Killed Edmund
  2251 | D:4      | Reached XP level 5. HP: 21/21 MP: 0/11
  2431 | D:4      | Found a staircase to the Ecumenical Temple.
  2447 | Temple   | Entered the Ecumenical Temple
  2487 | Temple   | Became a worshipper of Makhleb the Destroyer
  3378 | D:2      | Reached skill level 1 in Unarmed Combat
  3378 | D:2      | Gained mutation: You are covered in thick fur. (AC +2)
                  | [Felid growth]
  3378 | D:2      | Reached XP level 6. HP: 23/24 MP: 12/12
  3737 | D:2      | Reached * piety under Makhleb
  4179 | D:3      | Killed Jessica
  4298 | D:3      | Killed Ijyb
  4986 | D:4      | Reached skill level 1 in Invocations
  5391 | D:5      | Entered Level 5 of the Dungeon
  5780 | D:5      | Reached skill level 1 in Fighting
  6229 | D:5      | Noticed an orc warrior
  6262 | D:5      | Noticed a sky beast
  6591 | D:5      | Killed an orc warrior
  6592 | D:5      | Reached skill level 6 in Summonings
  6592 | D:5      | Reached XP level 7. HP: 28/28 MP: 3/14
  6793 | D:6      | Found Koxziw's Magic Scroll Shop.
  6799 | D:6      | Bought a scroll of blinking for 90 gold pieces
  6854 | D:6      | Reached skill level 1 in Evocations
  6965 | D:6      | Bought a scroll of teleportation for 36 gold pieces
  6965 | D:6      | Bought a scroll of teleportation for 36 gold pieces
  7169 | D:6      | Found a shadowy altar of Dithmenos.
  7491 | D:6      | Reached ** piety under Makhleb
  7633 | D:6      | Found Zongecig's Antique Weapon Shop.
  7637 | D:6      | Found Pufineoz's Weapon Boutique.
  7684 | D:6      | Found Seis's Distillery.
  7689 | D:6      | Bought a potion of curing for 39 gold pieces
  7689 | D:6      | Bought a potion of curing for 39 gold pieces
  7689 | D:6      | Bought a potion of curing for 39 gold pieces
  7689 | D:6      | Bought a potion of curing for 39 gold pieces
  8007 | D:6      | Found Fyxeusyh's Book Shoppe.
  8286 | D:7      | Found a transporter.
  8293 | D:7      | Noticed Gaza's ghost (novice TrBe)
  8297 | D:7      | Found a transporter.
  9614 | D:7      | Reached XP level 8. HP: 10/34 MP: 13/16
  9836 | D:7      | Found a shimmering blue altar of Sif Muna.
  9839 | D:7      | Found a basalt altar of Yredelemnul.
  9842 | D:7      | Found an opulent altar of Gozag.
  9855 | D:7      | Found a blossoming altar of Fedhas.
  9860 | D:7      | Learned a level 3 spell: Summon Guardian Golem
 10156 | D:7      | Reached skill level 5 in Spellcasting
 10403 | D:7      | Reached skill level 1 in Hexes
 11867 | D:8      | Found a snail-covered altar of Cheibriados.
 11867 | D:8      | Found Cheibriados's Comfort Zone.
 13221 | D:8      | Noticed a hornet
 13340 | D:7      | Killed a hornet
 13341 | D:7      | Reached skill level 7 in Summonings
 13341 | D:7      | Reached XP level 9. HP: 5/38 MP: 1/18
 13343 | D:7      | Learned a level 1 spell: Corona
 13738 | D:8      | Found a sparkling altar of Nemelex Xobeh.
 15088 | D:8      | Slain by a yak
 15089 | D:8      | Reached XP level 8. HP: 0/34 MP: 13/17
 15265 | D:9      | Noticed a troll
 16104 | D:8      | Reached *** piety under Makhleb
 16279 | D:9      | Slain by a yak
 16280 | D:9      | Reached XP level 7. HP: -4/31 MP: 16/16
 16318 | D:9      | Killed a yak
 16406 | D:9      | Killed a yak
 16412 | D:9      | Killed a yak
 16413 | D:9      | Reached XP level 8. HP: 20/36 MP: 7/18
 16908 | D:9      | Reached skill level 5 in Dodging
 16958 | D:9      | Reached skill level 5 in Unarmed Combat
 17677 | D:10     | Entered Level 10 of the Dungeon
 17677 | D:10     | Noticed a two-headed ogre
 17714 | D:10     | Killed a two-headed ogre
 17715 | D:10     | Reached XP level 9. HP: 39/39 MP: 2/19
 18040 | D:10     | Noticed a two-headed ogre
 18294 | D:9      | Reached skill level 5 in Hexes
 18408 | D:10     | Found a staircase to the Lair.
 18573 | D:10     | Killed a two-headed ogre
 18574 | D:10     | Reached skill level 8 in Summonings
 19154 | D:10     | Noticed a troll
 19173 | D:9      | Slain by a troll

Illustrated notes

Levels and vault maps discovered:
D:1:      dpeg_chamrin_arrival_tetris, layout_basic
D:2:      layout_basic
D:3:      layout_rooms, uniq_ijyb, uniq_jessica
D:4:      layout_basic, minmay_temple_entry_sparse_star, uniq_edmund
D:5:      layout_rooms
D:6:      layout_loops_ring, serial_shops,
          nicolae_shop_temple_entry_statues_fountains, shop, nicolae_shop_trees,
          nicolae_shop_stone, shop, nrook_mini_vaults, grunt_decor_one_mirror,
          grunt_dithmenos_shadows
D:7:      minmay_bubble_buster, layout_loops_ring,
          grunt_temple_overflow_cloverleaf, gammafunk_ghost_smash
D:8:      layout_loops_ring, serial_aquarium, aquarium_bridge_straight
          [aquarium_subvault_bridge, aquarium_subvault_wall,
          aquarium_subvault_bridge, aquarium_subvault_window],
          aquarium_bridge_long_separate [aquarium_subvault_balcony,
          aquarium_subvault_bridge, aquarium_subvault_wall,
          aquarium_subvault_window, aquarium_subvault_bridge,
          aquarium_subvault_bridge], aquarium_window_1, aquarium_window_fake,
          aquarium_view_2b, aquarium_pool_2, minmay_shop_chei,
          nemelex_spade_bored_becter
D:9:      layout_rooms
D:10:     layout_loops_cross, dpeg_oklobed_lair
Temple:   dpeg_five_rooms_temple

Skill      XL: |  1  2  3  4  5  6  7  8  9 |
---------------+----------------------------+-----
Stealth        | 3 4 |  4.2
Summonings     | 5 6 7 8 |  8.1
Spellcasting   | 3 4 6 5 7 |  7.0
Unarmed Combat | 1 2 3 5 |  5.3
Invocations    | 1 2 4 |  4.6
Fighting       | 1 2 4 |  4.4
Evocations     | 2 3 4 |  4.3
Dodging        | 3 5 |  5.7
Hexes          | 3 4 5 |  5.2

Action                   |  1- 3 |  4- 6 |  7- 9 || total
-------------------------+-------+-------+-------++-------
Melee: Unarmed           |    10 |    46 |   134 ||   190
       Bite              |     2 |     1 |     7 ||    10
       Punch             |       |       |     3 ||     3
 Cast: Summon Small Mamm |    58 |    74 |   153 ||   285
       Call Imp          |    11 |    47 |   131 ||   189
       Call Canine Famil |     2 |    27 |   119 ||   148
       Summon Guardian G |       |       |    41 ||    41
       Corona            |       |       |     3 ||     3
Invok: Minor Destruction |       |       |    44 ||    44
Evoke: Wand              |       |       |     4 ||     4
  Use: Potion            |     1 |     9 |     2 ||    12
       Scroll            |       |    11 |     7 ||    18
 Stab: Sleeping          |     5 |     4 |     9 ||    18
       Distracted        |       |     1 |     6 ||     7
Armor: Skin              |     5 |     6 |     5 ||    16
Dodge: Dodged            |    24 |    59 |   216 ||   299
